 Dungeon Crawl Stone Soup version 0.31-a0-198-g2ad674f65e (webtiles) character file.

Game seed: 12702446714686494366

37 qw the Shooter (level 3, -4/20 HPs)
             Began as a Deep Elf Hunter on June 25, 2023.
             Succumbed to Sigmund's poison
             ... on level 2 of the Dungeon.
             The game lasted 00:00:24 (814 turns).

qw the Shooter (Deep Elf Hunter)                     Turns: 814, Time: 00:00:25

Health: -4/20      AC:  3    Str: 10    XL:     3   Next: 23%
Magic:  5/5        EV: 12    Int: 13    God:
Gold:   47         SH:  0    Dex: 18    Spells: 2/2 levels left

rFire   . . .        Y - +0 shortbow
rCold   + . .        (shield currently unavailable)
rNeg    . . .        c - +0 leather armour
rPois   .            (no helmet)
rElec   .            (no cloak)
rCorr   .            (no gloves)
SInv    .            (no boots)
Will    .....        (no amulet)
Stlth   ++           g - ring of protection from cold
HPRegen 0.23/turn    (no ring)
MPRegen 0.09/turn

%: no passive effects
@: lethally poisoned (-4 -> -27)
A: no striking features
a: no special abilities


You were on level 2 of the Dungeon.
You visited 1 branch of the dungeon, and saw 2 of its levels.

You collected 47 gold pieces.


   Skills:
 - Level 1.5 Fighting
 + Level 6.8 Ranged Weapons
 - Level 2.4 Dodging
 - Level 1.2 Stealth


You had 2 spell levels left.
You didn't know any spells.
Your spell library was empty.

Inventory:

Hand Weapons
 Y - a +0 shortbow (weapon)
Armour
 c - a +0 leather armour (worn)
Jewellery
 g - a ring of protection from cold (left hand)
Scrolls
 a - a scroll of poison
 b - a scroll of identify
Potions
 h - a potion of degeneration {unknown}
 i - a potion of haste {unknown}
 j - a potion of heal wounds {unknown}
 k - a potion of lignification {unknown}
 l - a potion of mutation {unknown}

Dungeon Overview and Level Annotations

Branches:
Dungeon (2/15)

Altars:

Shops:
D:1 (

Annotations:
D:2 Sigmund


Message History

Enter note: You shoot an arrow.
The arrow hits the frilled lizard.
You kill the frilled lizard!
There is a stone staircase leading down here.
You see here a frilled lizard corpse.
Sigmund the Dreaded comes into view.
He is wielding a +1 scythe of venom.
Enter note:
Enter note: You shoot an arrow.
The arrow hits Sigmund.
Sigmund shouts!
Sigmund is lightly wounded.
You shoot an arrow. The arrow hits Sigmund!
Sigmund is moderately wounded.
You shoot an arrow. The arrow hits Sigmund.
Sigmund is moderately wounded.
You shoot an arrow. The arrow hits Sigmund.
Sigmund is moderately wounded.
You shoot an arrow. The arrow hits Sigmund.
Sigmund is heavily wounded.
Sigmund gestures at you while chanting.
You are confused.
Sigmund points at you and mumbles some strange words.
The magic dart hits you. Sigmund barely misses you. Sigmund barely misses you.
Sigmund hits you from afar with a +1 scythe of venom.
You are poisoned.
You feel less confused.
You feel sick.
Sigmund hits you from afar with a +1 scythe of venom!
Ouch! That really hurt!
You are more poisoned.
Enter note:
Enter note:
Enter note:
814 ||| READING 2 scrolls labelled QOLEIFAXIO.
The air fills with toxic fumes!
As you read the scroll labelled QOLEIFAXIO, it crumbles to dust.
It was a scroll of poison.
You die...

#.####..###..
#¤# #.# ##.# #..
#¤# #.# #.###..
#¤# #.# #.....#
#¤# #.# ###.###
#¤# #.# ###.###
#@# #.# #......
#¤#
#.#####.#.###
#@####>......#.#
#¤¤¤¤¤¤#######.#
######¤# #.# #.#
#.. #.# ### #.#
#.# #.# #.#


You could see Sigmund.

Vanquished Creatures
  3 endoplasms (D:1)
  3 giant cockroaches
  2 jackals (D:2)
  4 quokkas
  2 ball pythons (D:1)
  6 bats
  7 frilled lizards
  4 goblins (D:1)
  3 kobolds
  3 rats (D:1)
37 creatures vanquished.

Notes
Turn   | Place    | Note
-------+----------+-------------------------------------------
     0 | D:1      | qw the Deep Elf Hunter began the quest for the Orb.
     0 | D:1      | Reached XP level 1. HP: 12/12 MP: 3/3
     0 | D:1      | 0 ||| qw: Version: 0.3-a-22-g0ed2b0b
     0 | D:1      | 0 ||| qw: Game counter: 5110
     0 | D:1      | 0 ||| qw: Melee chars always use a shield: true
     0 | D:1      | 0 ||| qw: God list: Okawaru
     0 | D:1      | 0 ||| qw: Allow faded altars: false
     0 | D:1      | 0 ||| qw: Do Orc after clearing Dungeon:15 true
     0 | D:1      | 0 ||| qw: Do second Lair branch before Depths: true
     0 | D:1      | 0 ||| qw: Lair rune preference: random
     0 | D:1      | 0 ||| qw: Goals: Normal
     0 | D:1      | 0 ||| PLANNING D:1-11
   136 | D:1      | Reached skill level 6 in Ranged Weapons
   136 | D:1      | Reached XP level 2. HP: 16/16 MP: 4/4
   361 | D:1      | Found Bimulleshu's Weapon Boutique.
   497 | D:1      | Reached XP level 3. HP: 20/20 MP: 5/5
   667 | D:1      | 667 ||| UPGRADING to ring of protection from cold.
   668 | D:1      | 668 ||| READING scroll labelled OWICUM KU CECI.
   669 | D:1      | 669 ||| READING scroll labelled HIGHIM HEOVVUZYO.
   670 | D:1      | 670 ||| READING scroll labelled XUCKAQ MEAKH.
   671 | D:1      | 671 ||| DROPPING scroll of butterflies.
   801 | D:2      | Noticed Sigmund
   813 | D:2      | HP: 1/20 [Sigmund/+1 scythe of venom (10)]
   814 | D:2      | 814 ||| READING 2 scrolls labelled QOLEIFAXIO.
   814 | D:2      | Succumbed to Sigmund's poison

Levels and vault maps discovered:
D:1:      eino_arrival_water_cross, layout_basic, serial_aquarium,
          aquarium_bridge_island_small [aquarium_subvault_small_water,
          aquarium_subvault_bridge, aquarium_subvault_wall,
          aquarium_subvault_bridge, aquarium_subvault_bridge],
          aquarium_bridge_square [aquarium_subvault_wall,
          aquarium_subvault_wall, aquarium_subvault_bridge,
          aquarium_subvault_wall], aquarium_window_fake, aquarium_window_fake,
          aquarium_window_1, aquarium_window_1, aquarium_view_2d,
          aquarium_view_2d, serial_shops, nicolae_shop_bloodbath_and_beyond
D:2:      layout_loops_ring, hellmonk_ecumenical_altar_heavens_door,
          basic_altar, uniq_sigmund

Skill      XL: |  1 |
---------------+----+-----
Ranged Weapons | 6 |  6.8
Fighting       | |  1.5
Dodging        | |  2.4
Stealth        | |  1.2

Action                     || total
---------------------------++-------
   Fire: Shortbow          ||    88
    Use: Scroll            ||     4
 Armour: Leather armour    ||     3
  Dodge: Dodged            ||    11

Table legend:
 A = Non-vault XP
 B = Vault XP
 C = Vault XP percentage of total XP
 D = Non-vault monster count
 E = Vault monster count
 F = Vault count percentage of total count
                 A         B        C        D         E       F
            +---------+---------+-------+---------+---------+-------
      Total |      54 |       0 |   0.0 |      37 |       0 |   0.0
            +---------+---------+-------+---------+---------+-------
        D:1 |      41 |       0 |   0.0 |      29 |       0 |   0.0
        D:2 |      13 |       0 |   0.0 |       8 |       0 |   0.0
            +---------+---------+-------+---------+---------+-------
